 Dungeon Crawl Stone Soup version 0.28-a0-1506-g3893175d92 (webtiles) character file.

Game seed: 15263724410121292665

85 comborobin the Sneak (level 4, 0/35 HPs)
             Began as a Mummy Delver on Jan 14, 2022.
             Was an Initiate of Fedhas.
             Slain by Crazy Yiuf (7 damage)
             ... on level 3 of the Dungeon.
             The game lasted 00:03:07 (2119 turns).

comborobin the Sneak (Mummy Delver)                 Turns: 2119, Time: 00:03:09

Health: 0/35       AC: 10    Str: 18    XL:     4   Next: 25%
Magic:  1/1        EV:  5    Int:  4    God:    Fedhas [......]
Gold:   66         SH:  0    Dex: 15    Spells: 3/3 levels left

rFire   x . .      SeeInvis .   d - +5 whip of Scorn {antimagic, Will+ Str+3 Int-5}
rCold   + . .      Faith    .   (no shield)
rNeg    + + +      Spirit   .   f - +0 plate armour
rPois   ∞          Reflect  .   (no helmet)
rElec   .          Harm     .   (no cloak)
rCorr   .          Rampage  .   (no gloves)
Will    +....                   (no boots)
Stlth   ..........              (no amulet)
HPRegen 0.11/turn               (no ring)
MPRegen 0.07/turn               (no ring)

@: mighty
A: cold resistance 1, negative energy resistance 3, torment resistance 2, heat
vulnerability 1, no potions
a: Renounce Religion


You were on level 3 of the Dungeon.
You worshipped Fedhas.
Fedhas was noncommittal.
You visited 2 branches of the dungeon, and saw 6 of its levels.

You collected 66 gold pieces.

Inventory:

Hand Weapons
 d - the +5 whip of Scorn (weapon) {antimagic, Will+ Str+3 Int-5}
   (You found it on level 5 of the Dungeon)

   It reduces the magical energy of the wielder, and disrupts the spells and
   magical abilities of those it strikes.
   Natural abilities and divine invocations are not affected.
   Str:       It affects your strength (+3).
   Int:       It affects your intelligence (-5).
   Will:      It increases your willpower.
Armour
 a - a +0 leather armour
 f - a +0 plate armour (worn)
Wands
 e - a wand of digging (3)
Scrolls
 b - a scroll of fog
 c - 2 scrolls of teleportation
 g - a scroll of enchant weapon {unknown}


   Skills:
 * Level 3.4 Fighting
 * Level 2.7 Maces & Flails
 + Level 0.6 Armour
 - Level 1.5 Dodging
 - Level 4.1 Stealth
 - Level 1.5 Unarmed Combat


You had 3 spell levels left.
You didn't know any spells.
Your spell library was empty.

Dungeon Overview and Level Annotations

Branches:
Dungeon (6/15)             Temple (1/1) D:4

Altars:
Elyvilon
Fedhas
Hepliaklqana
Makhleb
Okawaru
Vehumet
Xom
Yredelemnul
Zin
The Shining One

Annotations:
D:3 Crazy Yiuf, Robin


Innate Abilities, Weirdness & Mutations

You are immune to poison.
Your flesh is cold resistant. (rC+)
You are immune to negative energy. (rN+++)
You are immune to unholy pain and torment.
You are vulnerable to heat. (rF-)
You do not drink.


Message History

The endoplasm freezes you.
You are frozen.
You resist.
You hit the endoplasm but do no damage.
The endoplasm hits you but does no damage.
You whack the endoplasm!
You kill the endoplasm!
Fedhas accepts your kill.
No target in view!
Found a scroll of magic mapping and 18 stones.
No target in view!
You see here a hobgoblin skeleton.
There is an escape hatch in the floor here.
You see here 20 stones.
You see here 4 javelins.
You walk carefully through the fungus.
Crazy Yiuf flaps his cloak.
Crazy Yiuf says, "Two!"
Okay, then.
Okay, then.
You open the door. You hit Crazy Yiuf.
Crazy Yiuf is moderately wounded.
Crazy Yiuf cries, "Snurf mumblescurry sanguine!"
Crazy Yiuf hits you with a +4 quarterstaff of chaos!
You convulse!
You hit Crazy Yiuf.
Crazy Yiuf is heavily wounded.
Crazy Yiuf hits you but does no damage.
You feel very mighty all of a sudden.
You hit Crazy Yiuf.
Crazy Yiuf is severely wounded.
Crazy Yiuf screams, "Goober!
Dawk high King."
Crazy Yiuf drinks a potion.
Crazy Yiuf is healed!
You whack Crazy Yiuf!
Crazy Yiuf is almost dead.
Crazy Yiuf hits you with a +4 quarterstaff of chaos!
* * * LOW HITPOINT WARNING * * *
Crazy Yiuf burns you!
You die...
Fedhas appreciates your contribution to the ecosystem.

#................####
#.#######..<.........
#### #.#
#.######.###. ...#
### ### #.# ## ##.#
####.#### #.##
#######(.......
##..###### ###
###.#.P.+..######
......#..#
#...##..#..P....# #
#...#.#..#
#...g@####......# #
#).......# #)..###
##P.+.## # #..##.#..#
### ###### #
#.....#..# #
##.##....# #
...##.#### ###
#####.# #.# #.# #.#
#)# ##.##


You could see Crazy Yiuf.

Vanquished Creatures
  Jessica (D:3)
  An iguana (D:4)
  An adder (D:3)
  A ball python (D:2)
  An endoplasm (D:3)
  3 goblins
  8 hobgoblins
  3 jackals (D:4)
  3 kobolds (D:3)
22 creatures vanquished.

Notes
Turn   | Place    | Note
-------+----------+-------------------------------------------
     0 | D:5      | comborobin the Mummy Delver began the quest for the Orb.
     0 | D:5      | Reached XP level 1. HP: 18/18 MP: 1/1
    11 | D:5      | Noticed an ogre
    12 | D:5      | Noticed an iguana
    15 | D:5      | Noticed a necrophage
    17 | D:5      | Identified the +5 whip of Scorn {antimagic, Will+ Str+3
                  | Int-5}
    26 | D:4      | Noticed an iguana
    39 | D:4      | Noticed a phantom
    55 | D:4      | Found a staircase to the Ecumenical Temple.
   104 | D:5      | Reached skill level 1 in Maces & Flails
   305 | D:4      | Killed an iguana
   306 | D:4      | Reached XP level 2. HP: 4/24 MP: 0/2
   306 | D:4      | Reached XP level 3. HP: 5/29 MP: 1/3
   641 | Temple   | Entered the Ecumenical Temple
   737 | Temple   | Became a worshipper of Fedhas Madash
   780 | D:4      | HP: 1/29 [phantom (2)]
  1199 | D:2      | Noticed Robin
  1557 | D:3      | Noticed Jessica
  1566 | D:3      | Killed Jessica
  1567 | D:3      | Reached XP level 4. HP: 35/35 MP: 1/4
  1900 | D:3      | Found a runed translucent door.
  1901 | D:3      | Noticed Crazy Yiuf
  2119 | D:3      | Slain by Crazy Yiuf

Illustrated notes

Levels and vault maps discovered:
D:2:      layout_basic, uniq_robin, uniq_natasha
D:3:      layout_loops_ring, shapermc_ecumenical_altar_totnotflames,
          uniq_crazy_yiuf_cottage, uniq_jessica
D:4:      layout_basic, led_sif_pool, mainiacjoe_overflow_small_starburst,
          minmay_temple_entry_slanted, minmay_goblin_outpost, uniq_ijyb
D:5:      layout_rooms, kennysheep_little_box, elyvilon_altar_1
D:6:      layout_gridville, grunt_gozag_statues, gup_ossuary_entry_pyramid,
          hex_medium, serial_park_tiny_1, item_on_display_a, uniq_sigmund
Temple:   dpeg_three_leaves_temple

Skill      XL: |  1 |
---------------+----+-----
Maces & Flails | 2 |  2.7
Fighting       | |  3.4
Armour         | |  0.6
Dodging        | |  1.5
Stealth        | |  4.1
Unarmed Combat | |  1.5

Action                   |  1- 3 |  4- 6 || total
-------------------------+-------+-------++-------
Melee: Whip              |    58 |    21 ||    79
       Punch             |     1 |     1 ||     2
  Use: Scroll            |     3 |       ||     3
Armor: Leather armour    |     9 |       ||     9
       Plate armour      |    39 |     9 ||    48
Dodge: Dodged            |    42 |       ||    42

Table legend: (Time is in decaauts)
 A = Elapsed time spent in this place.
 B = Non-inter-level travel time spent in this place.
 C = Inter-level travel time spent in this place.
 D = Time resting spent in this place.
 E = Time spent auto-exploring this place.
 F = Levels seen in this place.
 G = Mean time per level.
                   A        B        C        D        E       F      G
               +--------+--------+--------+--------+--------+-----+--------+
         Total |   2123 |   2014 |    109 |   1096 |    534 |   6 |  353.8 |
       Dungeon |   2014 |   1938 |     76 |   1096 |    476 |   5 |  402.8 |
        Temple |    108 |     75 |     33 |      0 |     58 |   1 |  108.0 |
               +--------+--------+--------+--------+--------+-----+--------+

Top non-repeatable levels by time:
     D:3: 1301 daAuts
     D:4: 494 daAuts
     D:5: 204 daAuts
  Temple: 108 daAuts
     D:2: 13 daAuts
     D:6: 1 daAuts
